Map: Colonisation EC

Players

FOX

  • Race: Terran Terran
  • League: Diamond

Hofmann - Winner!

  • Race: Zerg Zerg
  • League: Diamond

VOD

Have the link to the VOD?

Description

Time

  • Played on: May 4, 2016, 1:25 p.m.
  • Length: 6:22
Show
View Real Time Build Order
Export as new Build Order

FOX Terran 

Build Orders: Banshee Rush 

Get SALT Encoding   

  12  0:01  SCV  
  13  0:14  SCV  
  14  0:18  Supply Depot  
  14  0:26  SCV  
  15  0:39  SCV  
  15  0:42  Barracks  
  16  0:47  Refinery  
  16  0:51  SCV  
  17  1:05  SCV  
  18  1:17  Refinery  
  18  1:28  Orbital Command  
  18  1:50  Factory  
  18  1:54  SCV, Supply Depot  
  19  1:59  Reaper  
  20  2:06  SCV  
  21  2:18  SCV  
  22  2:27  Bunker  
  22  2:38  Starport  
  22  2:39  Factory Tech Lab  
  22  2:40  SCV  
  23  2:49  Marine  
  24  2:52  SCV  
  24  2:53  Command Center  
  25  3:12  SCV  
  26  3:22  Supply Depot  
  26  3:24  SCV  
  26  3:26  Supply Depot  
  29  3:29  Banshee  
  29  3:31  Cloaking Field  
  30  3:39  Barracks Reactor  
  30  3:44  Hellion  
  32  3:49  Supply Depot  
  32  3:58  SCV  
  33  4:05  Orbital Command  
  33  4:10  SCV  
  33  4:13  Starport  
  34  4:17  Refinery x2  
  34  4:19  Banshee  
  34  4:24  Supply Depot  
  37  4:30  SCV  
  38  4:31  SCV  
  38  4:38  Factory Tech Lab  
  39  4:43  SCV, Liberator  
  39  4:44  SCV, Starport  
  41  4:58  Siege Tank  
  39  6:01  Starport  
Show
View Real Time Build Order
Export as new Build Order

Hofmann Zerg - Winner!

Build Orders: Hatch First, Roach Nydus 

Get SALT Encoding   

  12  0:01  Drone  
  13  0:08  Drone  
  14  0:17  Overlord  
  14  0:36  Drone x3  
  17  0:57  Hatchery, Drone  
  17  1:01  Drone  
  17  1:11  Drone  
  18  1:13  Extractor  
  17  1:22  Spawning Pool  
  16  1:27  Drone  
  17  1:35  Drone  
  18  1:42  Overlord  
  18  1:55  Drone  
  19  2:08  Queen  
  19  2:09  Zergling x2  
  19  2:10  Zergling x2, Queen  
  19  2:15  Drone  
  26  2:19  Drone  
  27  2:26  Roach Warren  
  27  2:27  Drone  
  27  2:31  Drone  
  27  2:34  Drone  
  29  2:41  Drone  
  30  2:45  Drone  
  30  2:49  Lair  
  31  2:52  Extractor  
  31  2:55  Queen  
  32  3:15  Overlord  
  32  3:17  Drone x4  
  36  3:28  Overlord  
  36  3:33  Queen  
  38  3:39  Roach x2  
  38  3:40  Roach  
  44  3:48  Nydus Network  
  44  3:50  Queen  
  45  4:09  Queen  
  47  4:16  Roach  
  51  4:17  Roach  
  51  4:18  Overlord  
  51  4:23  Extractor  
  50  4:24  Roach  
  52  4:32  Nydus Canal  
  52  4:34  Overseer  
  52  4:39  Roach x3  
  52  4:42  Overlord  
  58  4:46  Roach  
  60  5:03  Roach x4  
  65  5:30  Spore Crawler  
  65  5:31  Drone  
  65  5:32  Spore Crawler, Drone  
  65  5:33  Drone x3  
  66  5:54  Nydus Canal  
Tags
 
Add a new tag
Caveats
  • Supply blocks, unpowered buildings, or Contaminate may cause inaccurate times.
  • Supply counts are checked every 10 seconds.